 Dungeon Crawl Stone Soup version 0.19-a0-1462-g5650605 (webtiles) character file.

229 MrRokkomies the Ruffian (level 5, -8/54 HPs)
             Began as a Troll Monk on Sept 7, 2016.
             Was a Priest of Cheibriados.
             Mangled by a gnoll
             ... wielding a +0 whip
              (11 damage)
             ... on level 3 of the Dungeon.
             The game lasted 00:06:55 (2042 turns).

MrRokkomies the Ruffian (Troll Monk)                Turns: 2042, Time: 00:06:56

Health: -8/54      AC:  5    Str: 26    XL:     5   Next: 71%
Magic:  4/4        EV: 11    Int: 18    God:    Cheibriados [***...]
Gold:   91         SH:  0    Dex: 20    Spells: 0 memorised, 4 levels left

rFire  . . .     SeeInvis .       - Unarmed
rCold  . . .     Gourm    +     a - +0 robe
rNeg   . . .     Faith    +     (no shield)
rPois  .         Spirit   .     (helmet restricted)
rElec  .         Dismiss  .     (no cloak)
rCorr  .         Reflect  .     (gloves unavailable)
MR     .....     Harm     .     (boots unavailable)
Stlth  ++........               e - amulet of faith
                                (no ring)
                                o - +2 ring of slaying

@: brilliant, very slow
A: unfitting armour, claws 3, fast metabolism 3, gourmand, regeneration 1,
shaggy fur 1, tough skin 2
a: Bend Time, Temporal Distortion, Renounce Religion


You were on level 3 of the Dungeon.
You worshipped Cheibriados.
Cheibriados was most pleased with you.
You were very full.

You visited 1 branch of the dungeon, and saw 3 of its levels.

You collected 91 gold pieces.

Inventory:

Hand Weapons
 r - a +0 blowgun
Missiles
 g - 37 stones (quivered)
 p - 5 poisoned needles
 s - 2 curare-tipped needles
Armour
 a - a +0 robe (worn)
 k - a +0 large shield
Jewellery
 e - an amulet of faith (around neck)
 h - an uncursed amulet of dismissal
 o - a +2 ring of slaying (left claw)
Scrolls
 d - a scroll of teleportation
 j - 2 scrolls of recharging
 l - 2 scrolls of identify
 m - 3 scrolls of remove curse {unknown}
 n - a scroll of random uselessness {unknown}
 q - a scroll of amnesia {unknown}
 t - a scroll of enchant armour {unknown}
Potions
 c - a potion of brilliance
 f - a potion of magic
 i - a potion of flight {unknown}
Comestibles
 b - 3 bread rations


   Skills:
 * Level 4.0 Fighting
 - Level 2.4 Dodging
 - Level 1.1 Stealth
 * Level 5.1 Unarmed Combat


You had 4 spell levels left.
You didn't know any spells.

Dungeon Overview and Level Annotations

Branches:
Dungeon (3/15)

Altars:
Cheibriados
Makhleb


Innate Abilities, Weirdness & Mutations

You are too large for most types of armour.
You have claws for hands.
Your metabolism is lightning-fast.
You like to eat raw meat.
Your natural rate of healing is unusually fast.
You are covered in fur. (AC +1)
You have very tough skin. (AC +2)


Message History

The gnoll hits you but does no damage.
The gnoll hits you from afar with a spear!
You barely miss the gnoll.
The gnoll is moderately wounded.
The gnoll closely misses you.
The gnoll hits you from afar with a spear.
You scratch the gnoll.
The gnoll is heavily wounded.
The gnoll hits you with a whip.
The gnoll hits you from afar with a spear.
You scratch the gnoll.
The gnoll is almost dead.
The gnoll hits you with a whip.
* * * LOW HITPOINT WARNING * * *
The gnoll hits you from afar with a spear!
* * * LOW HITPOINT WARNING * * *
It was a potion of brilliance.
You feel clever all of a sudden. The gnoll hits you with a whip!
You die...

#...## #.#.#
##.## #.#.####
.#.####.#.##..
###.....#.##.#
#.#.######.##.#
.....†..<...#.#
##.#######..#.#
#. #..#.#####.#
.. #......@gg.#
.##
##.#.####### .
#...[. .
#...##.. .##
#...# ## ...
#.... ..# #..##
..# ... ..#


You could see 2 gnolls.

Vanquished Creatures
  Terence (D:2)
  Natasha (D:2)
  Robin (D:2)
  2 gnolls (D:3)
  6 adders
  2 oozes
  4 worms
  A dart slug (D:3)
  2 giant geckos
  An orc (D:3)
  8 bats
  3 giant cockroaches
  5 hobgoblins
  5 jackals
  7 kobolds
  3 giant newts
  17 goblins
  3 rats
72 creatures vanquished.

Notes
Turn   | Place    | Note
-------+----------+-------------------------------------------
     0 | D:1      | MrRokkomies the Troll Monk began the quest for the Orb.
     0 | D:1      | Reached XP level 1. HP: 22/22 MP: 0/0
   149 | D:1      | Reached XP level 2. HP: 29/29 MP: 1/1
   808 | D:2      | Noticed Terence
   820 | D:2      | Killed Terence
   820 | D:2      | Reached XP level 3. HP: 21/37 MP: 2/2
   901 | D:2      | Reached skill level 4 in Unarmed Combat
  1099 | D:2      | Reached XP level 4. HP: 43/45 MP: 3/3
  1138 | D:2      | Noticed Robin
  1152 | D:2      | Killed Robin
  1196 | D:2      | Found a snail-covered altar of Cheibriados.
  1206 | D:2      | Became a worshipper of Cheibriados the Contemplative
  1206 | D:2      | Reached * piety under Cheibriados
  1206 | D:2      | Reached ** piety under Cheibriados
  1457 | D:2      | Found a burning altar of Makhleb.
  1512 | D:2      | Reached XP level 5. HP: 54/54 MP: 4/4
  1548 | D:2      | Noticed Natasha
  1561 | D:2      | Killed Natasha
  1887 | D:3      | Reached *** piety under Cheibriados
  1922 | D:3      | Reached skill level 5 in Unarmed Combat
  2041 | D:3      | HP: 2/54 [gnoll/spear (9)]
  2042 | D:3      | Mangled by a gnoll

Vault maps used:
D:1:      enne_arrival_octagon_isle, minmay_misc_feat_rows
D:2:      lemuel_round_altar, lemuel_crystal_altar, uniq_robin, uniq_natasha,
          uniq_terence
D:3:      st_stairs_3

Skill      XL: |  1  2  3  4  5 |
---------------+----------------+-----
Fighting       | 3 4 |  4.0
Unarmed Combat | 4 5 |  5.1
Dodging        | |  2.4
Stealth        | |  1.1

Action                   |  1- 3 |  4- 6 || total
-------------------------+-------+-------++-------
Melee: Unarmed           |    69 |   120 ||   189
       Punch             |     1 |       ||     1
  Use: Scroll            |     4 |       ||     4
       Potion            |       |     1 ||     1
 Stab: Sleeping          |     2 |     3 ||     5
  Eat: Chunk             |    12 |     9 ||    21
Armor: Robe              |    15 |    43 ||    58
Dodge: Dodged            |    24 |    79 ||   103
